 Dungeon Sprint DCSS version 0.26.1-2-gb8aa6d0cf2 (webtiles) character file.

Game seed: 6694207132698451726

2891 Groucho the Imperceptible (level 9, -1/55 HPs)
             Began as a Gargoyle Berserker on Mar 13, 2021.
             Was an Elder of Trog.
             Slain by an unseen horror (4 damage)
             ... in the Dungeon (Sprint I: "Red Sonja").
             The game lasted 00:02:46 (1392 turns).

Groucho the Imperceptible (Gargoyle Berserker)      Turns: 1392, Time: 00:02:46

Health: -1/55      AC:  9    Str: 23    XL:     9   Next: 77%
Magic:  9/9        EV: 14    Int:  8    God:    Trog [****..]
Gold:   542        SH:  0    Dex: 12    Spells: 8/8 levels left

rFire    . . .     SeeInvis .   a - +0 short sword
rCold    . . .     Faith    .   (no shield)
rNeg     + . .     Spirit   .   j - +1 robe "Ygromn" {Str+2 Slay+3}
rPois    ∞         Reflect  .   (no helmet)
rElec    +         Harm     .   (no cloak)
rCorr    .         Rampage  .   (no gloves)
Will     .....     NoTele   +   (no boots)
Stlth    ++++++++..             (no amulet)
HPRegen  0.18/turn              (no ring)
MPRegen  0.11/turn              (no ring)

@: no status effects
A: negative energy resistance 1, electricity resistance, unbreathing,
petrification resistance, miasma immunity, AC +6
a: Renounce Religion, Berserk, Trog's Hand, Brothers in Arms


You were in the Dungeon.
You worshipped Trog.
Trog was greatly pleased with you.
You visited 1 branch You collected 542 gold pieces.

Inventory:

Hand Weapons
 a - a +0 short sword (weapon)
Armour
 b - a +0 animal skin
 j - the +1 robe "Ygromn" (worn) {Str+2 Slay+3}
   (You found it in the Dungeon)

   It affects your strength (+2).
   It affects your accuracy and damage with ranged weapons and melee attacks
   (+3).
Scrolls
 h - a scroll of amnesia {unknown}
Potions
 c - a potion of curing
 d - a potion of heal wounds
 e - a potion of haste
 f - 2 potions of magic
 g - a potion of berserk rage
 i - a potion of flight {unknown}


   Skills:
 + Level 6.1 Fighting
 + Level 5.1 Short Blades
 - Level 2.1 Armour
 + Level 4.2 Dodging
 + Level 21.6 Stealth


You had 8 spell levels left.
You didn't know any spells.
Your spell library was empty.

Dungeon Overview and Level Annotations

Branches:
Dungeon (1/1)

Altars:
Cheibriados
Dithmenos
Elyvilon
Fedhas
Gozag
Hepliaklqana
Kikubaaqudgha
Makhleb
Nemelex Xobeh
Okawaru
Qazlal
Ru
Sif Muna
Trog
Uskayaw
Vehumet
Wu Jian
Xom
Yredelemnul
Zin
The Shining One
Jiyva
Lugonu

Shops:
D (


Innate Abilities, Weirdness & Mutations

You are resistant to torment.
Your stone body is resilient. (AC +6)
You are immune to poison.
You resist negative energy. (rN+)
You are resistant to electric shocks. (rElec)
You can survive without breathing.
You are immune to petrification.
You are immune to miasma.


Message History

* * * LOW HITPOINT WARNING * * *
Something completely misses you. Something hits you but does no damage.
Something hits you.
* * * LOW HITPOINT WARNING * * *
There is an open door here.
You aren't carrying any items that you can evoke.
Something hits you but does no damage.
You closely miss something. Something hits you but does no damage.
Something hits you.
* * * LOW HITPOINT WARNING * * *
You close the door.
You barely miss something. Something hits you but does no damage.
Something completely misses you. Something barely misses you.
You hit something but do no damage. Something hits you!
* * * LOW HITPOINT WARNING * * *
Your skin stops crawling.
You feel less strong-willed.
You miss something. Something hits you.
* * * LOW HITPOINT WARNING * * *
Something hits you.
You die...

#...#.####§§####
#..##.#§≈≈§)#..#
##'#_.'§≈≈.§+.†#
†'..._#§≈§§§#..#
##_.#'##+#####'###
###+#.# #.'.# #
### ###.# #.#
##########@#
#......§##{#
#....§.§{+§#
#+++######§#
JJ..§§#§# #+§#
####


There were no monsters in sight!

Vanquished Creatures
  2 centaur warriors (D)
  An oklob plant (D)
  A hornet (D)
  A slime creature (D)
  Sigmund (D)
  2 redbacks (D)
  A yak (D)
  A floating eye (D)
  An ogre (D)
  A jelly (D)
  Ijyb (D)
13 creatures vanquished.

Notes
Turn   | Place    | Note
-------+----------+-------------------------------------------
     0 | D        | Groucho the Gargoyle Berserker began the quest for the Orb.
     0 | D        | Reached XP level 1. HP: 14/14 MP: 1/1
     2 | D        | Noticed Ijyb
    13 | D        | Killed Ijyb
    14 | D        | Reached skill level 6 in Stealth
    14 | D        | Reached XP level 2. HP: 19/19 MP: 2/2
    14 | D        | Reached XP level 3. HP: 23/23 MP: 3/3
   262 | D        | Noticed an ogre
   268 | D        | Killed an ogre
   269 | D        | Reached skill level 10 in Stealth
   269 | D        | Reached XP level 4. HP: 16/28 MP: 4/4
   549 | D        | Noticed Sigmund
   551 | D        | Killed Sigmund
   551 | D        | Reached ** piety under Trog
   552 | D        | Reached skill level 14 in Stealth
   552 | D        | Reached XP level 5. HP: 32/32 MP: 5/5
   552 | D        | Reached XP level 6. HP: 37/37 MP: 6/6
   564 | D        | Found a shimmering blue altar of Sif Muna.
   565 | D        | Found an ornate altar of the Wu Jian Council.
   566 | D        | Found a radiant altar of Vehumet.
   576 | D        | Got a tattered robe
   587 | D        | Identified the +1 robe "Ygromn" {Str+2 Slay+3} (You found
                  | it in the Dungeon)
   617 | D        | Found Vewnic's Antique Weapon Emporium.
   617 | D        | Found an ancient bone altar of Kikubaaqudgha.
   617 | D        | Found a hazy altar of Hepliaklqana.
   617 | D        | Found a stormy altar of Qazlal.
   617 | D        | Found a hide-covered altar of Uskayaw.
   617 | D        | Found a blossoming altar of Fedhas.
   617 | D        | Found a bloodstained altar of Trog.
   617 | D        | Found an iron altar of Okawaru.
   617 | D        | Found a basalt altar of Yredelemnul.
   617 | D        | Found a glowing golden altar of the Shining One.
   617 | D        | Found a snail-covered altar of Cheibriados.
   617 | D        | Found a sacrificial altar of Ru.
   617 | D        | Found a glowing silver altar of Zin.
   617 | D        | Found a shadowy altar of Dithmenos.
   617 | D        | Found a white marble altar of Elyvilon.
   617 | D        | Noticed a yak
   618 | D        | Found an opulent altar of Gozag.
   619 | D        | Killed a yak
   620 | D        | Reached skill level 15 in Stealth
   620 | D        | Found a sparkling altar of Nemelex Xobeh.
   661 | D        | Found a burning altar of Makhleb.
   661 | D        | Found a shimmering altar of Xom.
   661 | D        | Noticed a slime creature
   662 | D        | Found a viscous altar of Jiyva.
   662 | D        | Found a corrupted altar of Lugonu.
   667 | D        | Killed a slime creature
   667 | D        | Reached *** piety under Trog
   668 | D        | Reached skill level 16 in Stealth
   668 | D        | Reached XP level 7. HP: 41/41 MP: 7/7
   812 | D        | Noticed a centaur warrior
   812 | D        | Noticed a centaur warrior
   817 | D        | Killed a centaur warrior
   818 | D        | Reached skill level 19 in Stealth
   818 | D        | Reached XP level 8. HP: 37/46 MP: 8/8
   828 | D        | Killed a centaur warrior
   829 | D        | Reached skill level 21 in Stealth
   829 | D        | Reached XP level 9. HP: 11/51 MP: 9/9
  1307 | D        | Noticed a hornet
  1310 | D        | Killed a hornet
  1321 | D        | Noticed an oklob plant
  1323 | D        | Killed an oklob plant
  1323 | D        | Reached **** piety under Trog
  1324 | D        | Reached skill level 5 in Fighting
  1340 | D        | Reached skill level 5 in Short Blades
  1392 | D        | Slain by an unseen horror

Illustrated notes

Levels and vault maps discovered:
D:        dungeon_sprint_1 [red_sonja_temple_1, red_sonja_temple_small_1]

Skill      XL: |  1  2  3  4  5  6  7  8  9 |
---------------+----------------------------+-----
Stealth        | 6 10 14 16 19 21 | 21.6
Fighting       | 6 |  6.1
Short Blades   | 5 |  5.1
Dodging        | 4 |  4.2
Armour         | |  2.1

Action                   |  1- 3 |  4- 6 |  7- 9 || total
-------------------------+-------+-------+-------++-------
Melee: Short sword       |    10 |     6 |    29 ||    45
Invok: Berserk           |     2 |     1 |     1 ||     4
       Trog's Hand       |       |       |     1 ||     1
  Use: Scroll            |       |       |     1 ||     1
 Stab: Sleeping          |     1 |     4 |     6 ||    11
Armor: Animal skin       |     2 |       |       ||     2
       Robe              |       |       |    10 ||    10
Dodge: Dodged            |     2 |     3 |    13 ||    18
